AoeStats
← darador86

Black Forest

509791198Analyzed
4v4 RM · 5d ago on Sep 28, 2026· 57m 49s· 8 players
Game mode
Random Map
Map size
Large (8 player)
Population
200
Speed
Normal
Resources
Standard
Victory
Conquest
Starting age
Dark Age
Ending age
Imperial Age
RankedLock teamsTeams togetherTeam positionsShared explorationLock speedFull tech treeHidden civsTurbo modeCheats
Victory
Defeat
🇨🇱 Persians · Chile
817
+11
🇨🇱 Romans · Chile
785
+12
🇨🇱 Varangians · Chile
699
+16
🇨🇱 Spanish · Chile
546
+23
🇨🇦 Khmer · Canada
777
-19
🇨🇱 Poles · Chile
703
-16
🇦🇷 Huns · Argentina
695
-15
🇧🇷 Byzantines · Brazil
605
-12
droidebhz
2:48 Loom
13:01 Feudal Age
13:51 Horse Collar
21:13 Castle Age
19:51 Arson
20:05 Double-Bit Axe
20:17 Gold Mining
20:38 Stone Mining
21:17 Pikeman
23:03 Wheelbarrow
23:28 Bow Saw
23:41 Heavy Plow
27:23 Squires
28:13 Hand Cart
30:13 Treadmill Crane
30:29 Murder Holes
33:57 Imperial Age
31:54 Ballistics
31:52 Forging
33:44 Gold Shaft Mining
33:47 Stone Shaft Mining
33:25 Fortified Wall
33:24 Caravan
34:04 Iron Casting
34:30 Guard Tower
35:27 Crop Rotation
35:59 Two-Man Saw
36:14 Chemistry
35:20 Scale Mail Armor
35:26 Scale Barding Armor
34:49 Elite Skirmisher
35:54 Conscription
35:10 Halberdier
38:56 Capped Ram
39:07 Elite Cataphract
40:24 Hoardings
39:54 Siege Ram
42:14 Logistica
43:22 Crossbowman
44:13 Thumb Ring
48:43 Fervor
48:52 Block Printing
49:05 Illumination
50:11 Arbalester
darador86
13:49 Feudal Age
18:59 Castle Age
16:57 Double-Bit Axe
16:55 Horse Collar
17:08 Gold Mining
17:29 Stone Mining
21:02 Bow Saw
21:41 Gold Shaft Mining
24:40 Scale Barding Armor
24:46 Forging
26:35 Town Watch
27:28 Wheelbarrow
26:40 Fishing Lines
30:14 Imperial Age
29:40 Ballistics
29:31 Masonry
29:25 Padded Archer Armor
29:26 Scale Mail Armor
29:17 Fletching
29:36 Gillnets
30:08 Hand Cart
29:57 Town Patrol
33:31 Squires
32:52 Pikeman
33:22 Arson
33:00 Elite Tarkan
33:41 Marauders
34:02 Conscription
34:11 Atheism
35:03 Caravan
35:17 Caravan
35:28 Guilds
35:34 Husbandry
35:47 Bloodlines
36:07 Chain Barding Armor
36:02 Chain Mail Armor
35:43 Bodkin Arrow
35:55 Murder Holes
39:43 Parthian Tactics
38:40 Elite Skirmisher
43:09 Two-Man Saw
42:13 Heavy Plow
42:43 Halberdier
46:17 Chemistry
Murderface
17:00 Feudal Age
17:34 Double-Bit Axe
17:41 Horse Collar
19:18 Wheelbarrow
20:45 Gold Mining
20:45 Stone Mining
21:58 Town Watch
33:05 Castle Age
32:08 Scale Barding Armor
32:07 Scale Mail Armor
32:18 Forging
32:00 Fletching
34:22 Bow Saw
35:42 Hand Cart
41:32 Pikeman
42:13 Squires
44:53 Heavy Plow
46:20 Town Patrol
48:02 Szlachta Privileges
52:37 Imperial Age
51:26 Husbandry
★秧★FISHY
1:59 Loom
16:28 Feudal Age
16:59 Horse Collar
17:07 Double-Bit Axe
18:00 Wheelbarrow
21:07 Castle Age
22:03 Heavy Plow
28:18 Hand Cart
28:21 Gold Mining
28:25 Stone Mining
30:01 Bow Saw
36:07 Imperial Age
36:42 Gold Shaft Mining
37:24 Bloodlines
36:34 Light Cavalry
37:38 Conscription
36:49 Sappers
37:54 Hoardings
38:01 Stone Shaft Mining
37:58 Crop Rotation
37:48 Hussar
38:41 Caravan
43:15 Fletching
43:35 Forging
43:31 Scale Barding Armor
44:00 Coinage
44:14 Bodkin Arrow
46:42 Bracer
47:17 Iron Casting
47:03 Chain Barding Armor
48:14 Siege Engineers
48:05 Murder Holes
48:21 Masonry
48:22 Fortified Wall
52:43 Blast Furnace
52:20 Plate Barding Armor
elchoromota
0:27 Loom
12:55 Feudal Age
15:01 Double-Bit Axe
14:58 Horse Collar
16:21 Gold Mining
16:24 Stone Mining
18:22 Man-at-Arms
20:39 Wheelbarrow
23:07 Castle Age
21:50 Wheelbarrow
22:12 Fishing Lines
24:55 Husbandry
25:06 Bloodlines
28:02 Ballistas
28:06 Murder Holes
28:57 Long Swordsman
29:58 Gillnets
30:46 Gold Shaft Mining
31:47 Forging
31:43 Scale Barding Armor
31:38 Scale Mail Armor
31:29 Fletching
31:39 Padded Archer Armor
33:05 Iron Casting
36:28 Imperial Age
34:30 Heavy Plow
35:14 Bow Saw
36:18 Hand Cart
35:53 Town Watch
37:01 Elite Centurion
38:17 Town Patrol
38:50 Ballistics
39:31 Chemistry
39:26 Chain Barding Armor
40:12 Comitatenses
41:17 Masonry
41:32 Heavy Scorpion
45:00 Caravan
45:30 Coinage
45:11 Guilds
52:20 Blast Furnace
51:56 Plate Barding Armor
51:15 Onager
matiasblablaa
5:12 Loom
12:23 Feudal Age
16:14 Wheelbarrow
17:01 Man-at-Arms
17:30 Arson
19:09 Forging
19:18 Double-Bit Axe
19:44 Horse Collar
21:05 Scale Mail Armor
21:11 Scale Barding Armor
25:28 Castle Age
24:23 Fletching
24:34 Padded Archer Armor
26:49 Long Swordsman
27:14 Gambesons
26:51 Pikeman
27:31 Squires
28:33 Bow Saw
28:27 Heavy Plow
29:50 Iron Casting
29:30 Chain Mail Armor
29:36 Chain Barding Armor
29:16 Padded Archer Armor
29:53 Town Watch
34:31 Imperial Age
31:57 Light Cavalry
32:47 Bloodlines
32:51 Bodkin Arrow
35:48 Hand Cart
35:33 Town Patrol
36:38 Blast Furnace
36:08 Plate Mail Armor
37:21 Two-Man Saw
37:23 Elite Conquistador
38:05 Inquisition
39:23 Ballistics
39:01 Two-Handed Swordsman
40:09 Champion
44:20 Capped Ram
48:41 Cavalier
49:21 Husbandry
50:46 Chemistry
RSK | Nasif
0:26 Loom
13:22 Feudal Age
14:35 Wheelbarrow
13:43 Horse Collar
13:56 Double-Bit Axe
17:32 Fishing Lines
24:24 Castle Age
23:50 Stone Mining
23:50 Gold Mining
25:10 Hand Cart
24:57 Gillnets
31:06 Heavy Plow
31:46 Gold Shaft Mining
33:07 Stone Shaft Mining
32:55 Bow Saw
34:26 Caravan
37:51 Imperial Age
38:27 Elite War Elephant
39:08 Kamandaran
39:19 Citadels
39:28 Scale Barding Armor
42:25 Heavy Scorpion
44:15 Chemistry
43:36 Ballistics
43:06 Heated Shot
Aventugabo
13:11 Feudal Age
19:22 Castle Age
17:20 Double-Bit Axe
18:48 Forging
18:26 Arson
21:32 Town Watch
26:35 Gold Mining
26:36 Stone Mining
27:24 Fortified Wall
32:01 Imperial Age
30:48 Squires
30:09 Pikeman
31:39 Wheelbarrow
31:33 Scale Mail Armor
33:56 Horse Collar
34:29 Bow Saw
34:58 Stone Shaft Mining
37:51 Hand Cart
38:31 Heavy Plow
40:01 Onager
41:32 Conscription
41:13 Vendel Legacy
42:26 Husbandry
42:37 Bloodlines
43:34 Gothikon
46:12 Chemistry
47:51 Elite Jarl
52:27 Heavy Scorpion
52:38 Halberdier
Connection lost

Rejoining the realm…

Still unreachable

The connection could not be restored.

Session expired

The server has moved on; the page needs a fresh start.